 Dungeon Crawl Stone Soup version 0.26-a0-639-g72c4674329 (webtiles) character file.

Game seed: 14986848366532862100

53 Iflex the Poker (level 3, -11/30 HPs)
             Began as a Merfolk Gladiator on Sept 25, 2020.
             Was an Initiate of Qazlal.
             Mangled by a gnoll
             ... wielding a +0 halberd
              (14 damage)
             ... on level 2 of the Dungeon.
             The game lasted 00:03:10 (1212 turns).

Iflex the Poker (Merfolk Gladiator)                 Turns: 1212, Time: 00:03:11

Health: -11/30     AC:  4    Str: 14    XL:     3   Next: 87%
Magic:  3/3        EV: 14    Int:  7    God:    Qazlal [......]
Gold:   34         SH:  0    Dex: 16    Spells: 2/2 levels left

rFire    . . .     SeeInvis .   a - +0 trident
rCold    . . .     Faith    .   (no shield)
rNeg     . . .     Spirit   .   b - +0 leather armour
rPois    .         Reflect  .   c - +0 helmet
rElec    .         Harm     .   (no cloak)
rCorr    .         Rampage  .   (no gloves)
MR       .....                  (no boots)
Stlth    ++........             (no amulet)
HPRegen  0.10/turn              (no ring)
MPRegen  0.08/turn              (no ring)

@: mighty, brilliant
A: change form in water, swift swim, stealthy swim
a: Renounce Religion


You were on level 2 of the Dungeon.
You worshipped Qazlal.
Qazlal was noncommittal.
You visited 1 branch of the dungeon, and saw 2 of its levels.

You collected 34 gold pieces.

Inventory:

Hand Weapons
 a - a +0 trident (weapon)
Missiles
 d - 2 throwing nets (quivered)
Armour
 b - a +0 leather armour (worn)
 c - a +0 helmet (worn)
Scrolls
 f - a scroll of blinking {unknown}
 h - 2 scrolls of identify {unknown}
 j - a scroll of fear {unknown}
 k - a scroll of amnesia {unknown}


   Skills:
 + Level 4.1 Fighting
 - Level 4.4 Polearms
 - Level 2.0 Throwing
 - Level 4.0 Dodging
 + Level 1.5 Stealth


You had 2 spell levels left.
You didn't know any spells.
Your spell library was empty.

Dungeon Overview and Level Annotations

Branches:
Dungeon (2/15)

Altars:
Qazlal
Ru

Annotations:
D:2 Sigmund


Message History

It was a potion of magic.
Magic courses through your body. The gnoll completely misses you.
The gnoll barely misses you.
The gnoll hits you from afar with a +0 spear.
* * * LOW HITPOINT WARNING * * *
You puncture the gnoll!
You kill the gnoll!
Qazlal accepts your kill. The gnoll completely misses you.
The gnoll hits you but does no damage.
It was a potion of brilliance.
You feel clever all of a sudden. The gnoll misses you.
The gnoll barely misses you.
Attack whom?
Press: ? - help, Dir - move target cursor, f/p - gnoll
Aim: a gnoll, wielding a +0 spear (severely wounded)
You reach to attack!
You hit the gnoll.
You kill the gnoll!
Qazlal accepts your kill.
Your Fighting skill increases to level 4!
The gnoll hits you from afar with a +0 halberd!
You die...

.... ....# #.#
.#######.###.###
...............#
...#####.#####.##
##.# #.# #..# #.#
#.## ##.## ##.#
#..# #g)#
...######.######.#
##.#...........#@#
##.#.####.####.#.#
...#.#.......# #.#
...#.#.##.##.# #.#
...#.#.#...#.# #.#
.....†..._.... ..#
...#.#.#...#.# ###
..)#.#.##.##.#
...#.#...... #


You could see a gnoll.

Vanquished Creatures
  2 gnolls (D:2)
  An ooze (D:1)
  A worm (D:2)
  A dart slug (D:2)
  2 giant cockroaches
  A goblin (D:1)
  5 hobgoblins
  3 bats
  3 frilled lizards
  2 kobolds (D:1)
  4 rats
25 creatures vanquished.

Notes
Turn   | Place    | Note
-------+----------+-------------------------------------------
     0 | D:1      | Iflex the Merfolk Gladiator began the quest for the Orb.
     0 | D:1      | Reached XP level 1. HP: 16/16 MP: 1/1
   236 | D:1      | Reached XP level 2. HP: 23/23 MP: 2/2
   566 | D:2      | Noticed Sigmund
   624 | D:1      | Reached XP level 3. HP: 15/29 MP: 3/3
   911 | D:2      | Noticed a water elemental
   916 | D:2      | Reached skill level 1 in Stealth
   922 | D:2      | Found a stormy altar of Qazlal.
   927 | D:2      | Noticed an earth elemental
   927 | D:2      | Noticed a fire elemental
   927 | D:2      | Noticed an air elemental
   933 | D:2      | Became a worshipper of Qazlal Stormbringer
   947 | D:2      | Found a sacrificial altar of Ru.
  1212 | D:2      | Mangled by a gnoll

Illustrated notes

Levels and vault maps discovered:
D:1:      psy_arrival_conway, layout_rooms
D:2:      layout_basic, nicolae_qazlal_style_of_elements,
          nicolae_ru_sacrificial_ziggurat, uniq_sigmund

Skill      XL: |  1  2  3 |
---------------+----------+-----
Fighting       | 3 4 |  4.1
Stealth        | 1 |  1.5
Polearms       | |  4.4
Throwing       | |  2.0
Dodging        | |  4.0

Action                   || total
-------------------------++-------
Melee: Trident           ||    71
Throw: Throwing net      ||     2
  Use: Potion            ||     3
 Stab: Sleeping          ||     2
Armor: Leather armour    ||     9
Dodge: Dodged            ||    48

Table legend: (Time is in decaauts)
 A = Elapsed time spent in this place.
 B = Non-inter-level travel time spent in this place.
 C = Inter-level travel time spent in this place.
 D = Time resting spent in this place.
 E = Time spent auto-exploring this place.
 F = Levels seen in this place.
 G = Mean time per level.
                   A        B        C        D        E       F      G
               +--------+--------+--------+--------+--------+-----+--------+
         Total |   1216 |   1194 |     22 |    431 |    482 |   2 |  608.0 |
       Dungeon |   1216 |   1194 |     22 |    431 |    482 |   2 |  608.0 |
               +--------+--------+--------+--------+--------+-----+--------+

Top non-repeatable levels by time:
     D:1: 816 daAuts
     D:2: 399 daAuts
